[Event "Titled Tuesday Blitz July 18 Late 2023"]
[White "Rosenberg, Evan S"]
[Black "Curtis, John"]
[WhiteFideId "2019299"]
[BlackFideId "3200256"]
[WhiteElo "2410"]
[BlackElo "2037"]
[Result "1-0"]
[Round "2"]
[TimeControl "180+2"]
[Date "2023.07.18"]
[WhiteClock "0:00:04"]
[BlackClock "0:00:00"]
[Board "198"]

1. d4 Nf6 2. Nf3 d5 3. Bg5 Ne4 4. Bh4 Nd7 5. Nbd2 Ndf6 6. e3 Bg4 7. Be2 Nxd2 8. Qxd2 Ne4 9. Qb4 Qc8 10. O-O e6 11. Qa4+ c6 12. Rfd1 g5 13. Bg3 Nxg3 14. hxg3 Bxf3 15. gxf3 a6 16. Kg2 h5 17. Rh1 h4 18. c4 dxc4 19. Qxc4 Bg7 20. Rac1 Qd7 21. Qc5 Qe7 22. Bd3 Qxc5 23. Rxc5 Bf6 24. Be4 Be7 25. Rc4 Kd7 26. a4 hxg3 27. Rxh8 Rxh8 28. fxg3 f5 29. Bd3 a5 30. e4 f4 31. e5 Bb4 32. gxf4 gxf4 33. d5 Rg8+ 34. Kf2 exd5 35. Rxf4 Ke6 36. Rf6+ Kxe5 37. Rf7 Kd4 38. Bh7 Rb8 39. f4 Bd6 40. f5 b5 41. Rd7 bxa4 42. Rxd6 Rxb2+ 43. Kf3 Ke5 44. Rxc6 Rb4 45. Ra6 a3 46. Rxa5 Rb3+ 47. Kg4 Re3 48. Kg5 Re4 49. f6 Re3 50. f7 Rf3 51. Kg6 Rg3+ 52. Kh6 Rf3 53. Kg7 Ke6 54. f8=Q Rxf8 55. Kxf8 Ke5 56. Rxa3 Kd4 57. Ke7 1-0


[Site "https://www.chess.com"]

[Event "Titled Tuesday Blitz July 18 Late 2023"]
[White "Burke, Paul"]
[Black "Todev, Simeon"]
[WhiteFideId "2605767"]
[BlackFideId "2925133"]
[WhiteElo "1978"]
[BlackElo "2409"]
[Result "1-0"]
[Round "2"]
[TimeControl "180+2"]
[Date "2023.07.18"]
[WhiteClock "0:00:56"]
[BlackClock "0:01:30"]
[Board "199"]

1. e4 c5 2. Nf3 Nc6 3. d4 cxd4 4. c3 e5 5. Bc4 d5 6. exd5 Na5 7. Nxe5 Nxc4 8. Nxc4 Qxd5 9. Ne3 Qc6 10. cxd4 Nf6 11. O-O Be6 12. Nc3 Rd8 13. d5 Nxd5 14. Ncxd5 Bxd5 15. Nxd5 Rxd5 16. Re1+ Be7 17. Qe2 Rd7 18. Bg5 f6 19. Rac1 Qd6 20. Rc8+ Rd8 21. Bf4 Qd7 22. Rc7 Qxc7 23. Bxc7 Rd7 24. Bd6 O-O 25. Bxe7 Re8 26. Qc4+ Kh8 27. Qf7 Rc8 28. h4 h6 29. Qg6 Rd2 30. Bxf6 gxf6 31. Qxh6+ Kg8 32. Qxd2 1-0


[Site "https://www.chess.com"]

[Event "Titled Tuesday Blitz July 18 Late 2023"]
[White "Melikhov, Evgeny V."]
[Black "Sainz Aguirre, Ignacio"]
[WhiteFideId "4122046"]
[BlackFideId "5101727"]
[WhiteElo "2408"]
[BlackElo "1969"]
[Result "1-0"]
[Round "2"]
[TimeControl "180+2"]
[Date "2023.07.18"]
[WhiteClock "0:01:19"]
[BlackClock "0:00:00"]
[Board "200"]

1. d4 d5 2. c4 e6 3. Nc3 a6 4. cxd5 exd5 5. Nf3 Nf6 6. Bg5 Be6 7. e3 Bd6 8. Bd3 h6 9. Bh4 g5 10. Bg3 c6 11. Ne5 h5 12. f4 h4 13. Bf2 g4 14. Qc2 Bc8 15. O-O-O Nbd7 16. Kb1 Nf8 17. Rc1 Ne6 18. Ka1 Nc7 19. Na4 Ne6 20. a3 Bd7 21. Bg6 1-0


[Site "https://www.chess.com"]

[Event "Titled Tuesday Blitz July 18 Late 2023"]
[White "Luong Phuong Hanh"]
[Black "Dmitriev, Sergey"]
[WhiteFideId "12401013"]
[BlackFideId "14101785"]
[WhiteElo "2403"]
[BlackElo "1961"]
[Result "1-0"]
[Round "2"]
[TimeControl "180+2"]
[Date "2023.07.18"]
[WhiteClock "0:00:28"]
[BlackClock "0:00:17"]
[Board "201"]

1. d4 d6 2. Nf3 g6 3. g3 Bg7 4. Bg2 Nf6 5. O-O O-O 6. a4 a5 7. Re1 Nc6 8. c3 Re8 9. e4 e5 10. dxe5 Nxe5 11. Nxe5 dxe5 12. Qc2 Be6 13. Be3 Qc8 14. Nd2 Bh3 15. Bh1 Ng4 16. Bc5 b6 17. Ba3 Qe6 18. Nf3 h6 19. Rad1 Rad8 20. Nh4 Bf6 21. Ng2 Rxd1 22. Rxd1 Rd8 23. Rxd8+ Bxd8 24. Ne1 Be7 25. Bxe7 Qxe7 26. Qd2 Qc5 27. Nd3 Qf8 28. Bf3 Nf6 29. Nxe5 Qe7 30. Qd4 c5 31. Nc6 Qe6 32. Qd8+ Kg7 33. e5 Nd5 34. Qxd5 Qf5 35. Qd1 g5 36. Bg2 Bg4 37. Qe1 Bf3 38. Bxf3 Qxf3 39. Na7 h5 40. Nb5 h4 41. e6 hxg3 42. Qe5+ Kg6 43. Qxg3 Qd1+ 44. Kg2 Qd5+ 45. Qf3 Qxe6 46. Nc7 Qe5 47. Nd5 f5 48. Nxb6 g4 49. Qc6+ Kg5 50. Qa8 Qf4 51. Qd8+ Kh6 52. Qf8+ Kh7 53. Qf7+ Kh6 54. Qe6+ Kh7 55. Qd7+ Kh6 56. Qc6+ Kh7 57. Nd7 Qf3+ 58. Qxf3 gxf3+ 59. Kxf3 Kg6 60. Nxc5 Kf6 61. Nb7 Ke5 62. Nxa5 Kd6 63. Nb3 Kd5 64. h4 Kc4 65. Na5+ Kc5 66. h5 Kd6 67. h6 Ke6 68. h7 Kf7 69. h8=Q 1-0


[Site "https://www.chess.com"]

[Event "Titled Tuesday Blitz July 18 Late 2023"]
[White "cedchass2006"]
[Black "Lutz, Igor Oscar"]
[BlackFideId "2110806"]
[WhiteElo "2399"]
[BlackElo "1947"]
[Result "1-0"]
[Round "2"]
[TimeControl "180+2"]
[Date "2023.07.18"]
[WhiteClock "0:00:37"]
[BlackClock "0:00:04"]
[Board "202"]

1. e4 c5 2. Nf3 Nc6 3. Bb5 d6 4. O-O Bg4 5. Bxc6+ bxc6 6. d3 g6 7. h3 Bxf3 8. Qxf3 Bg7 9. Nc3 Qc7 10. Bf4 Rb8 11. Rab1 Nf6 12. Qe3 O-O 13. Bh6 e5 14. Bxg7 Kxg7 15. f4 exf4 16. Qxf4 Nh5 17. Qh4 Qd8 18. Qf2 Qg5 19. Ne2 Qd2 20. g4 Qg5 21. Kh1 Nf6 22. Ng1 Nd7 23. Nf3 Qf6 24. b3 Ne5 25. Qg3 Nxf3 26. Rxf3 Qe5 27. Qxe5+ dxe5 28. Rbf1 f6 29. Kg2 Rf7 30. a4 Rbf8 31. Kg3 f5 32. exf5 gxf5 33. Rxf5 Rxf5 34. Rxf5 Rxf5 35. gxf5 Kf6 36. Kg4 h5+ 37. Kxh5 Kxf5 38. h4 a6 39. Kh6 Kf6 40. h5 a5 41. Kh7 Kf7 42. h6 c4 43. bxc4 c5 44. c3 Kf6 45. Kg8 Kf5 46. h7 Kf4 47. h8=Q Ke3 48. Qxe5+ Kxd3 49. Qxc5 Kxc3 50. Qxa5+ 1-0


[Site "https://www.chess.com"]

[Event "Titled Tuesday Blitz July 18 Late 2023"]
[White "Gyulamiryan-koryun"]
[Black "Ortega Ruiz, Jose Miguel"]
[BlackFideId "2209713"]
[WhiteElo "1905"]
[BlackElo "2399"]
[Result "0-1"]
[Round "2"]
[TimeControl "180+2"]
[Date "2023.07.18"]
[WhiteClock "0:00:37"]
[BlackClock "0:00:41"]
[Board "203"]

1. d4 Nf6 2. c4 g6 3. Nc3 Bg7 4. Nf3 O-O 5. e4 d6 6. Be3 Bg4 7. h3 Bxf3 8. Qxf3 Nc6 9. O-O-O e5 10. dxe5 Nxe5 11. Qe2 Ned7 12. g4 Re8 13. f3 Nb6 14. Qd2 Nfd7 15. Bg5 Bf6 16. Bxf6 Qxf6 17. Nd5 Nxd5 18. exd5 Nc5 19. h4 Qxf3 20. Bg2 Qe3 21. h5 Nd3+ 22. Kb1 Nf2 23. Qxe3 Rxe3 24. Rde1 Rae8 25. Rxe3 Rxe3 26. Rf1 Nd3 27. h6 Re2 28. Bf3 Rxb2+ 29. Ka1 Rf2 30. Rxf2 Nxf2 31. Kb2 Nd3+ 32. Kc3 Ne5 33. Be2 f5 34. gxf5 gxf5 35. Kd4 b6 36. a4 a5 37. Bd1 Kf7 38. Bh5+ Kf6 39. Be8 Nf7 40. Bxf7 Kxf7 41. Ke3 Kf6 42. Kf4 Kg6 43. Kf3 Kxh6 44. Kf4 Kg6 45. Kg3 Kg5 46. Kf3 h5 47. Kg3 f4+ 48. Kf3 Kf5 49. Kg2 h4 50. Kh3 f3 51. Kxh4 f2 52. Kg3 f1=Q 53. Kh4 Qxc4+ 54. Kg3 Qxa4 0-1


[Site "https://www.chess.com"]

[Event "Titled Tuesday Blitz July 18 Late 2023"]
[White "Fantastic_Power"]
[Black "Nakamura, Hikaru"]
[BlackFideId "2016192"]
[WhiteElo "2736"]
[BlackElo "3249"]
[Result "0-1"]
[Round "3"]
[TimeControl "180+2"]
[Date "2023.07.18"]
[WhiteClock "0:00:01"]
[BlackClock "0:00:40"]
[Board "1"]

1. e4 a6 2. d4 e6 3. Nf3 d5 4. Nc3 Nf6 5. Bg5 Bb4 6. e5 h6 7. Bd2 Bxc3 8. bxc3 Ne4 9. Bd3 Nxd2 10. Qxd2 c5 11. h4 Bd7 12. Rb1 Bc6 13. h5 Nd7 14. O-O Qe7 15. Qf4 c4 16. Be2 Qa3 17. Qd2 b5 18. Nh4 Nb6 19. f4 Na4 20. Rf3 Qxa2 21. Rbf1 O-O-O 22. f5 Rhe8 23. f6 gxf6 24. Rxf6 Qb2 25. R1f3 a5 26. Rxf7 b4 27. cxb4 axb4 28. Ng6 Rd7 29. Rf8 Rxf8 30. Nxf8 Re7 31. Ng6 Re8 32. Rf7 Bd7 33. Bg4 Nc3 34. Kh2 Nb5 35. Ne7+ Rxe7 36. Rxe7 Qxd4 37. Qxb4 Qxg4 38. Rh7 Qxh5+ 39. Kg1 Qd1+ 40. Kh2 Qd4 41. Qf8+ Kc7 42. Qg7 Qf4+ 43. g3 Qf2+ 44. Kh1 Kb6 45. Qxd7 Qf5 46. Qd8+ Kc5 47. Qf6 Qh3+ 48. Kg1 Qxg3+ 49. Kh1 Qe1+ 50. Kh2 Qe2+ 51. Kh1 Qd1+ 52. Kh2 Qxc2+ 53. Kg1 Qxh7 0-1


[Site "https://www.chess.com"]

[Event "Titled Tuesday Blitz July 18 Late 2023"]
[White "Sokolovsky, Yahli"]
[Black "Firouzja, Alireza"]
[WhiteFideId "2820242"]
[BlackFideId "12573981"]
[WhiteElo "2732"]
[BlackElo "3129"]
[Result "0-1"]
[Round "3"]
[TimeControl "180+2"]
[Date "2023.07.18"]
[WhiteClock "0:00:32"]
[BlackClock "0:02:04"]
[Board "2"]

1. b3 Nf6 2. Bb2 g6 3. Nf3 Bg7 4. g3 O-O 5. Bg2 d6 6. d4 Nbd7 7. O-O c6 8. c4 Re8 9. Nc3 e5 10. e4 exd4 11. Nxd4 Nc5 12. Re1 Ng4 13. b4 Qb6 14. a3 Nd3 15. Na4 Nxb2 16. Nxb6 Nxd1 17. Nxa8 Bxd4 18. Raxd1 Bxf2+ 19. Kf1 Bxe1 20. Kxe1 Bd7 21. Bh3 Rxa8 22. Rxd6 Be6 23. Rxe6 fxe6 24. Bxg4 Kf7 25. Ke2 Kf6 26. Ke3 Ke5 27. Be2 a5 28. b5 cxb5 29. cxb5 Rc8 30. Kd3 b6 0-1


[Site "https://www.chess.com"]

[Event "Titled Tuesday Blitz July 18 Late 2023"]
[White "Nihal Sarin"]
[Black "Nasuta, Grzegorz"]
[WhiteFideId "25092340"]
[BlackFideId "1141686"]
[WhiteElo "3060"]
[BlackElo "2724"]
[Result "1-0"]
[Round "3"]
[TimeControl "180+2"]
[Date "2023.07.18"]
[WhiteClock "0:01:14"]
[BlackClock "0:00:00"]
[Board "3"]

1. a3 d5 2. Nf3 Nf6 3. d4 Bf5 4. c4 c6 5. Nc3 e6 6. cxd5 exd5 7. Bf4 Nbd7 8. e3 h6 9. h3 Be7 10. Be2 O-O 11. O-O Re8 12. Rc1 Nf8 13. Bh2 Bd6 14. Bxd6 Qxd6 15. Qb3 N8d7 16. Na4 Rab8 17. Qb4 Qe7 18. Qxe7 Rxe7 19. b4 Ne4 20. b5 cxb5 21. Bxb5 Ndf6 22. Ne5 Nd6 23. Be2 Ree8 24. f3 Rbc8 25. g4 Bh7 26. Kf2 Rxc1 27. Rxc1 Rc8 28. Rxc8+ Nxc8 29. Nc3 Kf8 30. Bd1 Ke7 31. Bb3 Nb6 32. h4 g5 33. h5 Bg8 34. e4 dxe4 35. fxe4 Nfd7 36. Nd3 Bh7 37. Ke3 f6 38. a4 a6 39. a5 Nc8 40. Bd5 Nd6 41. Nc5 Nxc5 42. dxc5 Nb5 43. Nxb5 axb5 44. Bxb7 Kd7 45. Bd5 Kc7 46. Kd4 1-0


[Site "https://www.chess.com"]

[Event "Titled Tuesday Blitz July 18 Late 2023"]
[White "Smirnov, Pavel"]
[Black "Mamedov, Rauf"]
[WhiteFideId "4123425"]
[BlackFideId "13401653"]
[WhiteElo "2711"]
[BlackElo "3049"]
[Result "0-1"]
[Round "3"]
[TimeControl "180+2"]
[Date "2023.07.18"]
[WhiteClock "0:00:00"]
[BlackClock "0:00:08"]
[Board "4"]

1. d4 d5 2. c4 e6 3. Nf3 c5 4. cxd5 exd5 5. Nc3 Nc6 6. e3 Nf6 7. Bb5 cxd4 8. Nxd4 Bd7 9. Nf3 Bd6 10. O-O O-O 11. Nxd5 Bg4 12. Nc3 Qc7 13. h3 Bh5 14. Be2 Rfd8 15. Nd4 Bg6 16. Ncb5 Bh2+ 17. Kh1 Qb8 18. Bd2 Be5 19. Bc3 a6 20. Na3 Ne4 21. Nc4 Bf6 22. Bf3 Nxd4 23. exd4 Qf4 24. Qc1 Qh4 25. Kg1 Rac8 26. Bxe4 Bxe4 27. Ne5 Bxe5 28. dxe5 Rd3 29. f3 Bxf3 30. Rxf3 Rxf3 31. gxf3 Qg3+ 32. Kf1 Qxf3+ 33. Kg1 Qg3+ 34. Kf1 Rc4 35. Ke2 Re4+ 36. Kd1 h5 37. Kc2 Qxh3 38. Kb3 Qe6+ 39. Ka3 Qe7+ 40. b4 a5 41. Kb2 axb4 42. Bd2 Qxe5+ 43. Kb3 Qd5+ 44. Kb2 Rc4 45. Qe1 Qd4+ 46. Kb3 Qd3+ 47. Ka4 b3+ 48. Bb4 b2 49. Rb1 Re4 50. Qc3 Qxc3 0-1


[Site "https://www.chess.com"]

[Event "Titled Tuesday Blitz July 18 Late 2023"]
[White "Martinez Alcantara, Jose Eduardo"]
[Black "Darini, Pouria"]
[WhiteFideId "3805662"]
[BlackFideId "12502200"]
[WhiteElo "3048"]
[BlackElo "2709"]
[Result "1-0"]
[Round "3"]
[TimeControl "180+2"]
[Date "2023.07.18"]
[WhiteClock "0:00:48"]
[BlackClock "0:00:16"]
[Board "5"]

1. e4 c5 2. Nf3 Nc6 3. c3 d5 4. exd5 Qxd5 5. d4 Nf6 6. Be3 cxd4 7. cxd4 e6 8. Nc3 Bb4 9. Bd3 O-O 10. O-O Qa5 11. Rc1 Rd8 12. Qe2 e5 13. Bg5 Nxd4 14. Nxd4 Rxd4 15. Bxf6 gxf6 16. Ne4 Qd8 17. Bb1 Bf5 18. h4 Bf8 19. Rc3 Kh8 20. Qf3 Bxe4 21. Bxe4 f5 22. Qxf5 Qxh4 23. Rh3 Qxe4 24. Rxh7+ Kg8 25. Qxf7# 1-0


[Site "https://www.chess.com"]

[Event "Titled Tuesday Blitz July 18 Late 2023"]
[White "Wieczorek, Oskar"]
[Black "Bortnyk, Olexandr"]
[WhiteFideId "1133950"]
[BlackFideId "14120828"]
[WhiteElo "2705"]
[BlackElo "3023"]
[Result "0-1"]
[Round "3"]
[TimeControl "180+2"]
[Date "2023.07.18"]
[WhiteClock "0:00:00"]
[BlackClock "0:01:41"]
[Board "6"]

1. e4 Nf6 2. Nc3 d5 3. exd5 Nxd5 4. g3 g6 5. Bg2 c6 6. Nf3 Bg7 7. O-O Nxc3 8. bxc3 O-O 9. Rb1 Nd7 10. d4 Nb6 11. Bf4 Be6 12. Be5 Bxa2 13. Ra1 Bd5 14. Bxg7 Kxg7 15. Re1 f6 16. Qe2 Re8 17. h4 h5 18. Nd2 Bxg2 19. Kxg2 e5 20. Nf3 e4 21. Nd2 f5 22. Nb3 Qf6 23. Qe3 Nd5 24. Qg5 Qxg5 25. hxg5 Nxc3 26. Na5 Re7 27. Nc4 a6 28. Na5 Rd8 29. Re3 Nd5 30. Rb3 Rdd7 31. c4 Nc7 32. Rxb7 Ne6 33. Rxd7 Rxd7 34. Nxc6 Nxg5 35. d5 Nf3 36. Rxa6 g5 37. Ra8 h4 38. Nd8 Kf6 39. Ne6 Rb7 40. Ra1 h3+ 41. Kf1 Rb2 42. c5 e3 43. fxe3 h2 0-1


[Site "https://www.chess.com"]

[Event "Titled Tuesday Blitz July 18 Late 2023"]
[White "Bluebaum, Matthias"]
[Black "Quintiliano Pinto, Renato R."]
[WhiteFideId "24651516"]
[BlackFideId "2117568"]
[WhiteElo "3017"]
[BlackElo "2702"]
[Result "1-0"]
[Round "3"]
[TimeControl "180+2"]
[Date "2023.07.18"]
[WhiteClock "0:01:18"]
[BlackClock "0:00:07"]
[Board "7"]

1. d4 d5 2. c4 e6 3. Nc3 Nf6 4. cxd5 exd5 5. Bg5 c6 6. e3 Be7 7. Bd3 Nbd7 8. h3 Ne4 9. Bxe7 Qxe7 10. Bxe4 dxe4 11. Qg4 Nf6 12. Qxg7 Rg8 13. Qh6 Rxg2 14. Nge2 Rg6 15. Qh4 Be6 16. Nf4 Rg8 17. O-O-O Bf5 18. Rhg1 O-O-O 19. Nh5 Nd5 20. Qxe7 Nxe7 21. Nf6 Rxg1 22. Rxg1 Bxh3 23. Nxh7 f5 24. Rg7 Nd5 25. Nxd5 Rxd5 26. Ng5 Bg4 27. Ne6 Ra5 28. a3 b6 29. Rc7+ Kb8 30. Rxc6 Rd5 31. Nf4 Rd7 32. Kd2 Rh7 33. Rf6 Rh2 34. d5 Rxf2+ 35. Kc3 Kc7 36. d6+ Kd7 37. Ng6 Re2 38. Ne5+ Kd8 39. Rf8# 1-0


[Site "https://www.chess.com"]

[Event "Titled Tuesday Blitz July 18 Late 2023"]
[White "Makarian, Rudik"]
[Black "Papp, Levente"]
[WhiteFideId "44105681"]
[BlackFideId "751243"]
[WhiteElo "3004"]
[BlackElo "2702"]
[Result "0-1"]
[Round "3"]
[TimeControl "180+2"]
[Date "2023.07.18"]
[WhiteClock "0:00:02"]
[BlackClock "0:00:07"]
[Board "8"]

1. d4 e6 2. c4 b6 3. Nf3 Bb7 4. g3 Nf6 5. Bg2 Be7 6. O-O O-O 7. Re1 c5 8. d5 exd5 9. Nh4 Re8 10. cxd5 Bf8 11. Nc3 d6 12. e4 Na6 13. Nf5 g6 14. Nh6+ Kg7 15. Bg5 Be7 16. h4 Nd7 17. Bf4 Ne5 18. Bxe5+ dxe5 19. Qd2 Bxh4 20. Ng4 Bf6 21. Rad1 h5 22. Qh6+ Kg8 23. Nxf6+ Qxf6 24. Bf1 Qg7 25. Qe3 Nc7 26. Nb5 Nxb5 27. Bxb5 Red8 28. a4 Rd6 29. Kg2 Rad8 30. f3 Qf6 31. Rh1 Kg7 32. Bc4 Rh8 33. Rh2 Kf8 34. Rdh1 Ke7 35. a5 Rdd8 36. Ra1 Kf8 37. axb6 axb6 38. Ra7 Rb8 39. Bb5 Kg7 40. Qc3 Rhe8 41. Rh1 Qd6 42. Re1 Re7 43. Rea1 h4 44. gxh4 Rh8 45. Rh1 Qf6 46. Qe1 Bc8 47. Rxe7 Qxe7 48. Qg3 Qf6 49. Qg5 Qd6 50. h5 Rh6 51. hxg6 Rxg6 52. Rh5 Rxg5+ 53. Rxg5+ Kf8 54. Rg3 Qh6 55. Be2 Qe3 56. Kf1 Qc1+ 57. Kf2 Qxb2 58. f4 Qd4+ 59. Kf1 exf4 60. Rd3 Qxe4 61. d6 Bd7 62. Kf2 Bb5 63. d7 Bxd7 64. Rxd7 Kg7 65. Rd3 c4 66. Rf3 Qd4+ 67. Ke1 c3 68. Bd1 b5 69. Bc2 b4 70. Rf2 Qe3+ 71. Re2 Qg1# 0-1


[Site "https://www.chess.com"]

[Event "Titled Tuesday Blitz July 18 Late 2023"]
[White "Andreikin, Dmitry"]
[Black "Rastbod, Ali"]
[WhiteFideId "4158814"]
[BlackFideId "12567477"]
[WhiteElo "2997"]
[BlackElo "2695"]
[Result "1-0"]
[Round "3"]
[TimeControl "180+2"]
[Date "2023.07.18"]
[WhiteClock "0:01:42"]
[BlackClock "0:00:09"]
[Board "9"]

1. d4 Nf6 2. c4 e6 3. Nf3 h6 4. Nc3 Bb4 5. e3 O-O 6. Bd3 d5 7. O-O c5 8. cxd5 cxd4 9. exd4 Nxd5 10. Bc2 Nc6 11. Qd3 f5 12. Bb3 Kh8 13. Re1 b6 14. a3 Bd6 15. Bd2 Bb7 16. Rxe6 Nf4 17. Bxf4 Bxf4 18. Rae1 Na5 19. Ba2 Bxf3 20. Qxf3 Qxd4 21. Ne2 Qxb2 22. Nxf4 Qxa2 23. Ng6+ Kh7 24. Nxf8+ Rxf8 25. h4 Nc4 26. Qh5 Qxa3 27. Qg6+ Kg8 28. Re8 Nd6 29. Rxf8+ Kxf8 30. Qe6 a5 31. Rd1 Nf7 32. Qc8+ Ke7 33. Qxf5 Qc5 34. Rd7+ 1-0


[Site "https://www.chess.com"]

[Event "Titled Tuesday Blitz July 18 Late 2023"]
[White "Vetoshko, Volodymyr"]
[Black "Yoo, Christopher Woojin"]
[WhiteFideId "14122480"]
[BlackFideId "30909694"]
[WhiteElo "2686"]
[BlackElo "2996"]
[Result "1-0"]
[Round "3"]
[TimeControl "180+2"]
[Date "2023.07.18"]
[WhiteClock "0:00:02"]
[BlackClock "0:00:00"]
[Board "10"]

1. b3 f5 2. Bb2 Nf6 3. g3 Nc6 4. d4 e5 5. dxe5 Ne4 6. f3 Nc5 7. Bg2 f4 8. Nh3 fxg3 9. hxg3 Ne6 10. f4 Bc5 11. Nd2 O-O 12. Ne4 Bb6 13. Nhg5 h6 14. Nxe6 dxe6 15. Qxd8 Rxd8 16. Rd1 Rxd1+ 17. Kxd1 Nb4 18. c3 Nd5 19. Bf3 Bd7 20. c4 Ne3+ 21. Kc1 a5 22. c5 Ba7 23. Bd4 Nf5 24. Bf2 Bc6 25. Rd1 Ne7 26. Nc3 Kf7 27. Bxc6 bxc6 28. Rd7 Rc8 29. e4 Ke8 30. Rd3 g5 31. Kc2 Kf7 32. Be3 gxf4 33. gxf4 h5 34. Rd7 Ke8 35. Rd1 Kf7 36. Rf1 h4 37. f5 h3 38. Ne2 Rg8 39. Rh1 exf5 40. Rxh3 fxe4 41. Nf4 Nf5 42. Rh7+ Rg7 43. e6+ Kg8 44. Rxg7+ Kxg7 45. Bd2 Bxc5 46. Bc3+ Bd4 47. Bxa5 Kf6 48. Bxc7 Be5 49. Bxe5+ Kxe5 50. Ne2 Kxe6 51. Kc3 Kd5 52. a4 c5 53. a5 Nd4 54. Nf4+ Ke5 55. Ng2 Kd5 56. Ne3+ Kc6 57. Nc4 Kb5 58. Kb2 Kb4 59. a6 Nb5 60. a7 1-0


[Site "https://www.chess.com"]

[Event "Titled Tuesday Blitz July 18 Late 2023"]
[White "Kamsky, Gata"]
[Black "Amburgy, Ryan"]
[WhiteFideId "2000024"]
[BlackFideId "30924820"]
[WhiteElo "2995"]
[BlackElo "2664"]
[Result "1/2-1/2"]
[Round "3"]
[TimeControl "180+2"]
[Date "2023.07.18"]
[WhiteClock "0:00:24"]
[BlackClock "0:00:41"]
[Board "11"]

1. d4 Nf6 2. Bf4 b6 3. e3 Bb7 4. Nf3 Nh5 5. Bg5 h6 6. Bh4 g5 7. Nfd2 Nf4 8. exf4 gxh4 9. Qh5 e6 10. Nf3 c5 11. dxc5 Bxc5 12. Nbd2 Qf6 13. Qe5 Be7 14. c3 d6 15. Qe3 Nd7 16. g3 hxg3 17. hxg3 O-O-O 18. O-O-O Nc5 19. Bg2 Qg6 20. Nb3 Bf6 21. Nh4 Qg7 22. Bxb7+ Kxb7 23. Nf3 Nxb3+ 24. axb3 d5 25. Kb1 Rc8 26. Nd4 Rc5 27. Qd3 a6 28. Rh5 Rhc8 29. Rdh1 Bxd4 30. Qxd4 Qxd4 31. cxd4 Rc2 32. Rxh6 Rxf2 33. Rc1 Rxc1+ 34. Kxc1 Rf3 35. Rf6 Rxg3 36. Rxf7+ Kc6 37. Rf6 Kd7 38. f5 exf5 39. Rxf5 Ke6 40. Re5+ Kd6 41. Kc2 Rg2+ 42. Kc3 Rg3+ 43. Kc2 Rg2+ 44. Kc3 Rg3+ 45. Kc2 1/2-1/2


[Site "https://www.chess.com"]

[Event "Titled Tuesday Blitz July 18 Late 2023"]
[White "Alex_Sahakyan2006"]
[Black "Svane, Frederik"]
[BlackFideId "12923044"]
[WhiteElo "2663"]
[BlackElo "2972"]
[Result "0-1"]
[Round "3"]
[TimeControl "180+2"]
[Date "2023.07.18"]
[WhiteClock "0:00:01"]
[BlackClock "0:00:13"]
[Board "12"]

1. e4 e6 2. d3 d5 3. Nd2 Nc6 4. Ngf3 Nf6 5. g3 e5 6. exd5 Nxd5 7. Bg2 Be7 8. O-O O-O 9. Nc4 Bf6 10. Re1 Re8 11. c3 Bf5 12. d4 exd4 13. Rxe8+ Qxe8 14. Nxd4 Nxd4 15. cxd4 Rd8 16. Ne3 Be4 17. Nxd5 Rxd5 18. Be3 Bxd4 19. Bxe4 Qxe4 20. Qa4 h5 21. Rd1 c5 22. Qc4 h4 23. Bxd4 cxd4 24. Qd3 Qe6 25. Qc4 h3 26. Qf1 g6 27. Re1 Qd7 28. Qd3 Qc6 29. Qe4 Re5 30. Qxe5 Qg2# 0-1


[Site "https://www.chess.com"]

[Event "Titled Tuesday Blitz July 18 Late 2023"]
[White "Pranav, V"]
[Black "Karttunen, Mika"]
[WhiteFideId "25060783"]
[BlackFideId "502081"]
[WhiteElo "2972"]
[BlackElo "2655"]
[Result "1-0"]
[Round "3"]
[TimeControl "180+2"]
[Date "2023.07.18"]
[WhiteClock "0:01:22"]
[BlackClock "0:00:10"]
[Board "13"]

1. e4 e5 2. Nf3 Nc6 3. Bc4 Bc5 4. c3 Nf6 5. d3 h6 6. Nbd2 d6 7. a4 a6 8. O-O O-O 9. h3 Ba7 10. Re1 Be6 11. a5 Re8 12. Qe2 d5 13. exd5 Bxd5 14. Ne4 Nxe4 15. dxe4 Bxc4 16. Qxc4 Qe7 17. b4 Qe6 18. Qe2 Ne7 19. Nh4 c5 20. b5 axb5 21. Qxb5 c4 22. Be3 Bxe3 23. Rxe3 Nc6 24. Nf5 Ra7 25. Rg3 g6 26. Nxh6+ Kh7 27. Ng4 Rea8 28. Kh2 Rxa5 29. Rxa5 Rxa5 30. Qxb7 Ra7 31. Qb6 Rd7 32. Rf3 f5 33. exf5 gxf5 34. Ne3 f4 35. Ng4 Re7 36. Qc5 Kg7 37. g3 fxg3+ 38. Rxg3 Kf8 39. Rf3+ Ke8 40. Rf6 1-0


[Site "https://www.chess.com"]

[Event "Titled Tuesday Blitz July 18 Late 2023"]
[White "He, Anthony"]
[Black "Lamaze, Simon"]
[WhiteFideId "2088215"]
[BlackFideId "36069264"]
[WhiteElo "2967"]
[BlackElo "2655"]
[Result "1-0"]
[Round "3"]
[TimeControl "180+2"]
[Date "2023.07.18"]
[WhiteClock "0:00:08"]
[BlackClock "0:00:05"]
[Board "14"]

1. d4 Nf6 2. Nc3 e6 3. Bf4 d5 4. Nb5 Bb4+ 5. c3 Ba5 6. b4 Bb6 7. a4 a6 8. a5 axb5 9. axb6 Rxa1 10. Qxa1 Na6 11. bxc7 Nxc7 12. Qa5 Na6 13. Qxb5+ Qd7 14. e3 Qxb5 15. Bxb5+ Bd7 16. Bd3 Ke7 17. Ne2 Ra8 18. Kd2 Nb8 19. Kc2 Ba4+ 20. Kb2 b5 21. Ra1 Nbd7 22. Bxb5 Bxb5 23. Rxa8 Bxe2 24. Bc7 Ne4 25. f3 Nd2 26. Bd8+ Kd6 27. Kc2 Nf1 28. e4 Bc4 29. e5+ Kc6 30. Rc8+ Kb5 31. Rc7 Nf8 32. Rxf7 Ng6 33. Rb7+ Kc6 34. Rc7+ Kb5 35. Rxg7 Ne3+ 36. Kd2 Nxg2 37. Rxh7 Ka4 38. Rg7 N2h4 39. f4 Nf3+ 40. Ke3 Ngh4 41. Rg3 Nxh2 42. Bxh4 Nf1+ 43. Kf3 Nxg3 44. Bxg3 Bd3 45. Kg4 Bf5+ 46. Kg5 Kb5 47. Kf6 Bh3 48. Ke7 Bf5 49. Kd6 Bh3 50. Be1 Bg4 51. Bd2 Bf5 52. Kc7 Bd3 53. Kd6 Bf5 54. Be3 Bg4 55. Bf2 Bh3 56. Be1 Bf5 57. c4+ Kxc4 58. Kc6 Kxd4 59. b5 Ke3 60. b6 d4 61. Kd6 Be4 62. f5 exf5 63. e6 Ke2 64. e7 Kxe1 65. e8=Q d3 66. b7 d2 67. b8=Q d1=Q+ 68. Ke7 Qe2 69. Kf8 Qe3 70. Qd6 Kf2 71. Qh5 f4 72. Qh2+ Kf3 73. Qd1+ 1-0


[Site "https://www.chess.com"]

[Event "Titled Tuesday Blitz July 18 Late 2023"]
[White "Begmuratov, Alisher"]
[Black "Xiong, Jeffery"]
[WhiteFideId "14203367"]
[BlackFideId "2047640"]
[WhiteElo "2654"]
[BlackElo "2967"]
[Result "0-1"]
[Round "3"]
[TimeControl "180+2"]
[Date "2023.07.18"]
[WhiteClock "0:00:17"]
[BlackClock "0:01:17"]
[Board "15"]

1. c4 e5 2. g3 Be7 3. Bg2 f5 4. d4 d6 5. dxe5 dxe5 6. Qxd8+ Bxd8 7. Nf3 e4 8. Nd4 Bf6 9. Nb5 Na6 10. N1c3 Be6 11. Nd5 Bxd5 12. cxd5 O-O-O 13. Nxa7+ Kb8 14. Nb5 Nb4 15. O-O Nxd5 16. Rb1 Nge7 17. Rd1 Rd7 18. Bd2 Rhd8 19. Be1 h5 20. Rdc1 h4 21. a4 g5 22. Na3 g4 23. b4 Nc6 24. b5 Nd4 25. Bf1 hxg3 26. hxg3 Rh8 27. Nc2 Rdh7 28. Bg2 Nxe2+ 29. Kf1 Nxc1 30. Rxc1 Rd7 31. a5 Rhd8 32. Kg1 Nc3 33. Bxc3 Bxc3 34. Ne3 Bd2 0-1


[Site "https://www.chess.com"]

[Event "Titled Tuesday Blitz July 18 Late 2023"]
[White "Hakobyan, Aram"]
[Black "Mendez Fortes, Eduardo Jesus"]
[WhiteFideId "13306677"]
[BlackFideId "3502376"]
[WhiteElo "2964"]
[BlackElo "2647"]
[Result "1-0"]
[Round "3"]
[TimeControl "180+2"]
[Date "2023.07.18"]
[WhiteClock "0:01:20"]
[BlackClock "0:01:01"]
[Board "16"]

1. d4 Nf6 2. c4 e6 3. Nc3 Bb4 4. e3 O-O 5. a3 Bxc3+ 6. bxc3 c5 7. Ne2 d6 8. Ng3 b6 9. Bd3 Nc6 10. Bb2 Na5 11. e4 Ba6 12. Qe2 e5 13. d5 Qd7 14. a4 Rfe8 15. O-O Qg4 16. f3 Qd7 17. Ra2 g6 18. Bc1 Rec8 19. f4 exf4 20. Bxf4 Ng4 21. e5 Nxe5 22. Bxe5 dxe5 23. Qxe5 Nxc4 24. Bxc4 Bxc4 25. Ne4 Re8 26. Nf6+ Kh8 27. Nxe8+ 1-0


[Site "https://www.chess.com"]